 Dungeon Crawl Stone Soup version 0.24.1-14-gf8d2b509d9 (webtiles) character file.

Game seed: 7603545714645297536, levelgen mode: deterministic

18 mortelune the Ruffian (level 2, -2/25 HPs)
             Began as a Naga Transmuter on May 21, 2020.
             Slain by a hobgoblin (5 damage)
             ... on level 1 of the Dungeon.
             The game lasted 00:01:53 (1601 turns).

mortelune the Ruffian (Naga Transmuter)             Turns: 1601, Time: 00:01:54

Health: -2/25      AC:  1    Str: 12    XL:     2   Next: 70%
Magic:  3/5        EV: 10    Int: 13    God:
Gold:   25         SH:  0    Dex: 11    Spells: 2/5 levels left

rFire    . . .     SeeInvis +     - Unarmed
rCold    . . .     Gourm    .   (no shield)
rNeg     . . .     Faith    .   b - +0 robe
rPois    +         Spirit   .   (no helmet)
rElec    .         Reflect  .   (no cloak)
rCorr    .         Harm     .   (no gloves)
MR       .....                  (no barding)
Stlth    +.........             (no amulet)
HPRegen  0.08/turn              (no ring)
MPRegen  0.09/turn              (no ring)

@: very slow
A: large, see invisible, deformed body, poison resistance, slowness 2, slow
metabolism 1, spit poison 1, AC +0
a: Spit Poison


You were on level 1 of the Dungeon.
You were not hungry.

You visited 1 branch of the dungeon, and saw 1 of its levels.

You collected 25 gold pieces.

Inventory:

Missiles
 Q - 11 arrows
Armour
 b - a +0 robe (worn)
Jewellery
 g - an uncursed ring of resist corrosion {unknown}
Scrolls
 h - a scroll of blinking {unknown}
 i - a scroll of remove curse
Potions
 a - a potion of mutation {unknown}
 e - 2 potions of brilliance {unknown}
 f - 3 potions of ambrosia {unknown}
Comestibles
 c - 6 chunks of flesh
 d - 2 rations


   Skills:
 + Level 1.3 Fighting
 - Level 1.5 Dodging
 - Level 3.0 Unarmed Combat
 * Level 2.4 Spellcasting
 * Level 2.5 Transmutations


You had 2 spell levels left.
You knew the following spells:

 Your Spells              Type           Power        Failure   Level  Hunger
a - Beastly Appendage     Tmut           #.....       9%          1    #......
b - Sticks to Snakes      Tmut           #.......     13%         2    ###....

Your spell library contained the following spells:

 Spells                   Type           Power        Failure   Level  Hunger
 Spider Form              Tmut/Pois      #.........   41%         3    ###....
 Ice Form                 Ice/Tmut       #.......     82%         4    #####..
 Blade Hands              Tmut           #.........   94%         5    ######.


Dungeon Overview and Level Annotations

Branches:
Dungeon (1/15)

Altars:


Innate Abilities, Weirdness & Mutations

You cannot wear boots.
Your serpentine skin is tough. (AC +0)
You have supernaturally acute eyesight. (SInv)
Armour fits poorly on your strangely shaped body.
Your system is resistant to poisons. (rPois)
You cover ground very slowly.
You have a slow metabolism.
You can spit poison.


Message History

The bat is heavily wounded.
Your transformation is almost over.
The bat hits you. x2
* * * LOW HITPOINT WARNING * * *
The bat closely misses you. The bat hits you but does no damage.
The bat barely misses you. The bat hits you but does no damage.
The bat hits you.
* * * LOW HITPOINT WARNING * * *
You hit the bat.
You kill the bat!
Your horns disappear.
Items here: ( ) รทรท a +0 club; 11 sling bullets; a hobgoblin skeleton; a rat skeleton You barely miss the hobgoblin.
The hobgoblin hits you.
* * * LOW HITPOINT WARNING * * *
Casting: Beastly Appendage (safe; 9% risk of failure)
Confirm with . or Enter, or press ? or * to list all spells.
You create a snake!
You now have 11 arrows.
The hobgoblin hits you.
You die...

#.# ##.# #..# #.## ##
#.# ###. #.# #... #.#
##... #.#########
#....
#@##......####....
#####g##.....##8......
#.....S......#####....
#.###.##.....# #....
#.##.....# ##...
#.######## #...
#.###)## ###. #......#
## #####..#


You could see a hobgoblin and a friendly ball python.

Vanquished Creatures
  A dart slug (D:1)
  A giant cockroach (D:1)
  2 goblins (D:1)
  2 hobgoblins (D:1)
  4 bats (D:1)
  A frilled lizard (D:1)
  2 kobolds (D:1)
  5 rats (D:1)
18 creatures vanquished.

Notes
Turn   | Place    | Note
-------+----------+-------------------------------------------
     0 | D:1      | mortelune the Naga Transmuter began the quest for the Orb.
     0 | D:1      | Reached XP level 1. HP: 18/18 MP: 3/3
   683 | D:1      | Reached XP level 2. HP: 21/25 MP: 5/5
  1491 | D:1      | Learned a level 2 spell: Sticks to Snakes
  1601 | D:1      | Slain by a hobgoblin

Levels and vault maps discovered:
D:1:      psy_arrival_heroes, layout_loops_ring, kennysheep_crisscross,
          corexii_hall_statues_l

Action                   || total
-------------------------++-------
Melee: Unarmed           ||    91
       Headbutt          ||     4
       Punch             ||     1
 Cast: Beastly Appendage ||     6
       Sticks to Snakes  ||     1
  Use: Scroll            ||     1
  Eat: Chunk             ||     1
Armor: Robe              ||    29
Dodge: Dodged            ||    73
